Unix NetHack Version 5.0.0-0 post-release - last build May 30 2026 05:04:26 (55804bc15828dd6e32e9076e0726aa6fccb6e981,branch:main).

Game began 2026-05-30 21:11:48, ended 2026-05-30 21:51:00.

DaveT, lawful male human Priest

                ------------                        -------
                |...[..<....   ##############       |.....|     ------
                |...[......|   #####################|.l...%#    .....|
                -.------|---   ##----------+--     #|.....|#  # |....|
  ---------      #      #####   #|*.........*|     #|.....|#####.....|
  |.....(..     ###    ##########|.....+.....|     #------- #   |....|
  |l......|      B               |[..-.---...|     ##########   |....|
  |.......|      #      #########%...|.{.|...|             #####...^"|
  |.....(..#########@@u##        |..*|.@{|*..|           ###    ------
  ---.-----  ### ####            |...|..(|...|      ######
     ######### --.--.---         |...-----.`..#*#####
               |.......|         |.....*.....|
               |.......|         |*.........*|
               |.^>....|         -------------
               |.......|
               |........
               ---------

DaveT the Adept              St:15 Dx:14 Co:18 In:10 Wi:16 Ch:8  Lawful
Dlvl:5  $:3069 HP:0(78) Pw:90(90) AC:0  Xp:8 T:7334  Burdened Blind

Latest messages:
 It just misses!
 The pony kicks!
 The pony bites!
 You hit the pony.
 The pony kicks!
 The pony misses!
 You kill the pony!
 Welcome to experience level 8.
 You feel an unseen monster!
 You hit it.
 It hits!
 You destroy it!
 The wolf just misses!
 You hit the wolf.
 The wolf bites!
 You kill the wolf!
 You hit the wolf.
 The wolf bites!
 You hit the wolf.
 The wolf bites!
 You kill the wolf!
 The bat misses!
 The bat bites!
 The bat misses!
 You kill the bat!
 You try to feel what is lying here on the ground.
 You hit the wolf.
 The wolf misses!
 You hit the wolf.
 The wolf bites!
 The wolf misses!
 You kill the wolf!
 The wolf bites!
 You miss the wolf.
 The wolf misses!
 The wolf misses!
 You hit the wolf.
 The wolf bites!
 You kill the wolf!
 You try to feel what is lying here on the ground.
 The gray unicorn butts!
 The gray unicorn misses!
 The gray unicorn misses!
 The gray unicorn kicks!
 You hit the gray unicorn.
 The werewolf misses!
 The gray unicorn butts!
 You die...
 Do you want your possessions identified? [ynq] (y) y
 Do you want to see your attributes? [ynq] (y) q

Inventory:
 Coins    ('$')
  $ - 3069 gold pieces
 Amulets  ('"')
  c - an amulet of ESP (being worn)
 Weapons  (')')
  n - 33 blessed +0 darts
  u - a +0 aklys
  o - a +0 dwarvish mattock
  a - a blessed +6 mace (weapon in right hand)
 Armor    ('[')
  L - a blessed +1 orcish helm (being worn)
  M - a +0 pair of leather gloves (being worn)
  N - a +0 shield of reflection (being worn)
  K - a +0 mummy wrapping
  b - a burnt +0 robe (being worn)
  O - a cursed +0 Hawaiian shirt with a hibiscus flower motif
  P - a +1 studded leather armor (being worn)
 Comestibles  ('%')
  e - a clove of garlic
  D - 8 food rations
  G - 2 cursed food rations
  f - 4 sprigs of wolfsbane
 Scrolls  ('?')
  i - 2 cursed scrolls of confuse monster
  v - a cursed scroll of create monster
  h - a cursed scroll of destroy armor
  E - a cursed scroll of enchant armor
  R - 4 cursed scrolls of magic mapping
  l - a scroll of remove curse
  F - a scroll of teleportation
 Potions  ('!')
  d - a potion of holy water
  U - 7 potions of water
  x - 2 potions of unholy water
 Rings    ('=')
  j - a ring of poison resistance (on left hand)
 Wands    ('/')
  S - a wand of create monster (0:11)
  H - a cursed wand of create monster (0:13)
  s - a wand of light (0:12)
  W - a cursed wand of lightning (0:3)
  Z - a wand of magic missile (0:4)
  Q - a cursed wand of polymorph (0:0)
  t - a wand of stasis (0:3)
  J - a cursed wand of striking (0:6)
  X - a cursed wand of undead turning (0:4)
 Tools    ('(')
  w - a bell
  V - a blindfold
  m - a lock pick
  y - a blessed magic marker (0:48)
  A - a cursed magic marker (0:67)
  z - a cursed magic marker (0:54)
  B - a cursed magic marker (0:19)
  Y - an oil lamp
  C - a cursed pair of lenses (being worn)
  p - a skeleton key
 Gems/Stones  ('*')
  q - an agate stone

DaveT the Priest's attributes:

Background:
 You were an Adept, a level 8 human Priest.
 You were lawful, on a mission for Mitra
 who was opposed by Crom (neutral) and Set (chaotic).
 You were right-handed.
 You were in the Dungeons of Doom, on level 5.
 You entered the dungeon 7334 turns ago.
 You had 1416 experience points, 1144 more were needed to attain level 9.

Basics:
 You had 0 out of 78 hit points.
 You had all 90 energy points (spell power).
 Your armor class was 0.
 Your wallet contained 3069 zorkmids.
 Autopickup was off.

Final Characteristics:
 Your strength was 15 (limit:18/100).
 Your dexterity was 14 (limit:18).
 Your constitution was 18 (limit:18).
 Your intelligence was 10 (limit:18).
 Your wisdom was 16 (peak:17, limit:18).
 Your charisma was 8 (limit:18).

Final Status:
 You were temporarily blind.
 You weren't hungry.
 You were burdened; movement was slightly slowed.
 You were wielding a mace.
 You had basic skill with mace and could have enhanced that.

Final Attributes:
 You were piously aligned.
 You were poison resistant.
 You were telepathic.
 You were guarded.
 Your spell casting was enhanced by wearing a robe.
 You had reflection.
 You are dead.

Miscellaneous:
 You encountered 2 bones levels.
 Total elapsed playing time was 39 minutes and 11 seconds.

Major events:
 Turn
    1: DaveT the lawful human Priest entered the dungeon
  365: attained the rank of Acolyte (level 3)
 1517: entered the Gnomish Mines
 2750: entered Sokoban
 4014: attained the rank of Adept (level 6)
 5385: reached Mine Town
 7334: killed by a gray unicorn

Spells:
 Name                 Level Category     Fail Retention
 detect monsters        1   divination    62%   51%-75%
 extra healing          3   healing       94%   51%-75%
 detect unseen          3   divination    97%  76%-100%
 create monster         2   clerical      62%  91%-100%

Skills:
 Fighting Skills
   bare handed combat [Unskilled]
 Weapon Skills
   club               [Unskilled]
   mace               [Basic]
   morning star       [Unskilled]
   flail              [Unskilled]
   hammer             [Unskilled]
   quarterstaff       [Unskilled]
   polearms           [Unskilled]
   spear              [Unskilled]
   trident            [Unskilled]
   lance              [Unskilled]
   bow                [Unskilled]
   sling              [Unskilled]
   crossbow           [Unskilled]
   dart               [Unskilled]
   shuriken           [Unskilled]
   boomerang          [Unskilled]
   unicorn horn       [Unskilled]
 Spellcasting Skills
   healing spells     [Unskilled]
   divination spells  [Unskilled]
   clerical spells    [Basic]

Voluntary challenges:
 Character rerolling was not enabled.
 You never genocided any monsters.
 You never polymorphed an object.
 You never changed form.
 You used no wishes.
 You did not violate any of the special Sokoban rules.
Achievements:
 You attained the rank of Acolyte.
 You entered the Gnomish Mines.
 You entered a shop.
 You entered Sokoban.
 You attained the rank of Adept.
 You entered Minetown.

 The Dungeons of Doom: levels 1 to 7
    Level 1:
       A fountain.
    Level 2:
       A fountain, a grave.
    Level 3:
       A scroll shop, a grave.
       Stairs down to The Gnomish Mines.
    Level 4:
    Level 5: <- You were here.
       Some fountains, a grave.
       Oracle of Delphi.
       Final resting place for
          you, killed by a gray unicorn,
          atorox-Tou-Hum-Mal-Neu, killed by a rabid rat.
    Level 6:
       A fountain.
       Stairs up to Sokoban, level 5.
    Level 7:
 The Gnomish Mines: levels 4 to 7
    Level 4:
    Level 5:
       A grave.
       Final resting place for
          DaveT-Pri-Hum-Mal-Law, killed by a jaguar.
    Level 6:
    Level 7:
 Sokoban:
    Level 5:
       Unsolved.


Vanquished creatures:
  2 ghosts
  a water demon
  a giant beetle
  4 wolves
  a baby long worm
  a gnome ruler
  a jaguar
  a snake
  a wood nymph
  9 Uruk-hai
 an orc shaman
  a rock piercer
  2 ponies
  2 yellow lights
  a shrieker
  2 gnome leaders
  2 kobold mummies
  a red naga hatchling
  a guardian naga hatchling
  a gray ooze
  a ghoul
  a straw golem
  4 giant ants
  a little dog
  a dwarf
  a homunculus
  a kobold leader
  7 hill orcs
  2 rothes
  a rabid rat
  a centipede
  2 giant bats
  a werejackal
 an iguana
 an acid blob
  a coyote
  a hobbit
  2 manes
  3 large kobolds
  a hobgoblin
  6 giant rats
  3 brown molds
  2 yellow molds
  a green mold
 19 gnomes
  5 garter snakes
  a gnome zombie
  2 geckos
 13 jackals
  3 foxes
  3 goblins
 10 sewer rats
 14 grid bugs
  4 bats
  6 lichens
  a kobold zombie
  3 newts
166 creatures vanquished.

No species were genocided or became extinct.

Game over:
                       ----------
                      /          \
                     /    REST    \
                    /      IN      \
                   /     PEACE      \
                  /                  \
                  |      DaveT       |
                  |     3069 Au      |
                  | killed by a gray |
                  |     unicorn      |
                  |                  |
                  |                  |
                  |       2026       |
                 *|     *  *  *      | *
        _________)/\\_//(\/(/\)/\//\/|_)_______

Goodbye DaveT the Priest...

You died in The Dungeons of Doom on dungeon level 5 with 8787 points,
and 3069 pieces of gold, after 7334 moves.
You were level 8 with a maximum of 78 hit points when you died.

